 Dungeon Crawl Stone Soup version 0.24.0-37-gcf1ca852f1 (webtiles) character file.

Game seed: 16666322151747671860, levelgen mode: deterministic

163 Iamsoldier the Magician (level 5, 0/37 HPs)
             Began as a Gnoll Wizard on Dec 5, 2019.
             Was an Initiate of Sif Muna.
             Slain by an iguana (6 damage)
             ... on level 4 of the Dungeon.
             The game lasted 00:09:13 (3793 turns).

Iamsoldier the Magician (Gnoll Wizard)              Turns: 3793, Time: 00:09:13

Health: 0/37       AC:  3    Str:  9      XL:     5   Next: 44%
Magic:  2/14       EV: 20    Int: 20 (22) God:    Sif Muna [......]
Gold:   110        SH:  0    Dex: 16 (18) Spells: 7/18 levels left

rFire    . . .     SeeInvis .   s - +0 spear
rCold    . . .     Gourm    .   (no shield)
rNeg     . . .     Faith    .   a - +0 robe
rPois    .         Spirit   .   r - +1 hat
rElec    .         Reflect  .   (no cloak)
rCorr    .         Harm     .   (no gloves)
MR       .....                  (no boots)
Stlth    ++++......             (no amulet)
HPRegen  0.12/turn              (no ring)
MPRegen  0.14/turn              (no ring)

@: agile
A: distributed training, fangs 1, strong nose
a: Renounce Religion


You were on level 4 of the Dungeon.
You worshipped Sif Muna.
Sif Muna was noncommittal.
You were hungry.

You visited 1 branch of the dungeon, and saw 4 of its levels.

You collected 110 gold pieces.

Inventory:

Hand Weapons
 l - a +0 short sword
 q - a cursed -3 fustibalus
 s - a +0 spear (weapon)
Armour
 a - a +0 robe (worn)
 b - a +0 hat
 r - a +1 hat (worn)
Jewellery
 k - a cursed ring of attention {unknown}
 n - a +2 ring of protection {unknown}
Scrolls
 h - a scroll of fear
 i - a scroll of immolation {unknown}
 j - a scroll of teleportation {unknown}
 p - a scroll of enchant armour {unknown}
 t - a scroll of remove curse {unknown}
 u - 2 scrolls of identify {unknown}
 v - a scroll of noise {unknown}
Potions
 e - a potion of ambrosia {unknown}
 f - a potion of berserk rage {unknown}
 g - 2 potions of degeneration
Comestibles
 d - 6 rations


   Skills:
 + Level 1.4 Fighting
 + Level 1.4 Short Blades
 + Level 1.4 Long Blades
 + Level 1.4 Axes
 + Level 1.4 Maces & Flails
 + Level 1.4 Polearms
 + Level 1.4 Staves
 + Level 1.4 Slings
 + Level 1.4 Bows
 + Level 1.4 Crossbows
 + Level 1.4 Throwing
 + Level 1.4 Armour
 + Level 4.8 Dodging
 + Level 4.4 Stealth
 + Level 1.4 Shields
 + Level 1.4 Unarmed Combat
 + Level 7.3 Spellcasting
 + Level 2.4 Conjurations
 + Level 1.1 Hexes
 + Level 1.1 Charms
 + Level 2.4 Summonings
 + Level 1.1 Necromancy
 + Level 2.4 Translocations
 + Level 1.1 Transmutations
 + Level 1.1 Fire Magic
 + Level 1.1 Ice Magic
 + Level 1.1 Air Magic
 + Level 1.1 Earth Magic
 + Level 1.1 Poison Magic
 + Level 1.6 Invocations
 + Level 1.4 Evocations


You had 7 spell levels left.
You knew the following spells:

 Your Spells              Type           Power        Failure   Level  Hunger
a - Magic Dart            Conj           ###.         3%          1    None
b - Blink                 Tloc           N/A          5%          2    None
c - Call Imp              Summ           ###.....     5%          2    None
d - Conjure Flame         Conj/Fire      ##......     13%         3    #......
e - Mephitic Cloud        Conj/Pois/Air  ##......     14%         3    #......

Your spell library contained the following spells:

 Spells                   Type           Power        Failure   Level  Hunger
 Slow                     Hex            ##......     9%          2    None


Dungeon Overview and Level Annotations

Branches:
Dungeon (4/15)
 Temple: D:4-7

Altars:
Elyvilon
Hepliaklqana
Makhleb
Sif Muna
Vehumet


Innate Abilities, Weirdness & Mutations

Your experience applies equally to all skills.
You have very sharp teeth.
Your uncanny sense of smell can sniff out nearby items.


Message History

Attack whom?
Press: ? - help, Dir - move target cursor, f/p - iguana
Aim: an iguana (severely wounded, confused)
You hit the iguana but do no damage.
The iguana is severely wounded.
Attack whom?
Press: ? - help, Dir - move target cursor, f/p - iguana
Aim: an iguana (severely wounded, confused)
You hit the iguana but do no damage.
The iguana is severely wounded.
The iguana seems less confused.
The iguana misses you.
Attack whom?
Press: ? - help, Dir - move target cursor, f/p - iguana
Aim: an iguana (severely wounded)
You completely miss the iguana.
The iguana is severely wounded.
The iguana bites you!
* * * LOW HITPOINT WARNING * * *
The iguana bites you.
You die...

#.##+### #..#.#
##.#.# #.#.# #...#
##..# #..# #.l#
###############@.#
+...............>#
#....!..##########
#.......#
#.......#
#.......#
#.......#
#.......#
#.......#


You could see an iguana.

Vanquished Creatures
  A scorpion (D:4)
  2 gnolls (D:4)
  An adder (D:3)
  4 dart slugs
  3 worms
  2 leopard geckos
  3 orcs (D:3)
  5 giant cockroaches
  7 goblins
  6 hobgoblins
  A quokka (D:3)
  7 bats
  11 frilled lizards
  7 kobolds
  8 rats
68 creatures vanquished.

Notes
Turn   | Place    | Note
-------+----------+-------------------------------------------
     0 | D:1      | Iamsoldier the Gnoll Wizard began the quest for the Orb.
     0 | D:1      | Reached XP level 1. HP: 13/13 MP: 8/8
   268 | D:1      | Reached XP level 2. HP: 19/19 MP: 8/10
   274 | D:1      | Learned a level 2 spell: Blink
   277 | D:1      | Learned a level 2 spell: Call Imp
   874 | D:1      | Reached XP level 3. HP: 24/25 MP: 7/11
  1100 | D:1      | Learned a level 3 spell: Conjure Flame
  1104 | D:1      | Learned a level 3 spell: Mephitic Cloud
  1162 | D:2      | Found a burning altar of Makhleb.
  1365 | D:2      | Reached skill level 1 in Invocations
  1835 | D:2      | Found a shimmering blue altar of Sif Muna.
  1906 | D:2      | Found a radiant altar of Vehumet.
  2062 | D:2      | You fall into a shaft and drop 2 floors!
  2139 | D:4      | Reached skill level 1 in Fighting
  2139 | D:4      | Reached skill level 1 in Short Blades
  2139 | D:4      | Reached skill level 1 in Long Blades
  2139 | D:4      | Reached skill level 1 in Axes
  2139 | D:4      | Reached skill level 1 in Maces & Flails
  2139 | D:4      | Reached skill level 1 in Polearms
  2139 | D:4      | Reached skill level 1 in Staves
  2139 | D:4      | Reached skill level 1 in Slings
  2139 | D:4      | Reached skill level 1 in Bows
  2139 | D:4      | Reached skill level 1 in Crossbows
  2139 | D:4      | Reached skill level 1 in Throwing
  2139 | D:4      | Reached skill level 1 in Armour
  2139 | D:4      | Reached skill level 1 in Shields
  2139 | D:4      | Reached skill level 1 in Unarmed Combat
  2139 | D:4      | Reached skill level 1 in Evocations
  2139 | D:4      | Reached XP level 4. HP: 27/32 MP: 7/13
  2454 | D:3      | Found a hazy altar of Hepliaklqana.
  2783 | D:3      | Reached skill level 1 in Hexes
  2783 | D:3      | Reached skill level 1 in Charms
  2783 | D:3      | Reached skill level 1 in Necromancy
  2783 | D:3      | Reached skill level 1 in Transmutations
  2783 | D:3      | Reached skill level 1 in Fire Magic
  2783 | D:3      | Reached skill level 1 in Ice Magic
  2783 | D:3      | Reached skill level 1 in Air Magic
  2783 | D:3      | Reached skill level 1 in Earth Magic
  2783 | D:3      | Reached skill level 1 in Poison Magic
  2788 | D:3      | Found a white marble altar of Elyvilon.
  3086 | D:2      | Became a worshipper of Sif Muna the Loreminder
  3781 | D:4      | Reached XP level 5. HP: 14/37 MP: 2/14
  3793 | D:4      | Slain by an iguana

Levels and vault maps discovered:
D:1:      noname_arrival_rooms_in_the_neighbourhood, layout_basic,
          chequers_serial_rivers_small_3, solitary_fountain, minmay_unequal
D:2:      layout_loops_ring, lemuel_blue_sif_altar, lemuel_round_altar,
          lemuel_crystal_altar
D:3:      layout_basic, elyvilon_altar_5, nicolae_overflow_crystal_walls,
          minmay_misc_feat_iff
D:4:      layout_basic, nicolae_ru_sacrificial_ziggurat, first_ration,
          uniq_duvessa, uniq_ijyb, uniq_pikel

Skill      XL: |  1  2  3  4 |
---------------+-------------+-----
Conjurations   | 2 |  2.4
Summonings     | 2 |  2.4
Translocations | 2 |  2.4
Invocations    | 1 |  1.6
Fighting       | 1 |  1.4
Short Blades   | 1 |  1.4
Long Blades    | 1 |  1.4
Axes           | 1 |  1.4
Maces & Flails | 1 |  1.4
Polearms       | 1 |  1.4
Staves         | 1 |  1.4
Slings         | 1 |  1.4
Bows           | 1 |  1.4
Crossbows      | 1 |  1.4
Throwing       | 1 |  1.4
Armour         | 1 |  1.4
Shields        | 1 |  1.4
Unarmed Combat | 1 |  1.4
Evocations     | 1 |  1.4
Hexes          | 1 |  1.1
Charms         | 1 |  1.1
Necromancy     | 1 |  1.1
Transmutations | 1 |  1.1
Fire Magic     | 1 |  1.1
Ice Magic      | 1 |  1.1
Air Magic      | 1 |  1.1
Earth Magic    | 1 |  1.1
Poison Magic   | 1 |  1.1
Dodging        | |  4.8
Stealth        | |  4.4
Spellcasting   | |  7.3

Action                   |  1- 3 |  4- 6 || total
-------------------------+-------+-------++-------
Melee: Unarmed           |     9 |       ||     9
       Bite              |     3 |     5 ||     8
       Short sword       |    19 |       ||    19
       Spear             |       |    27 ||    27
 Cast: Magic Dart        |    78 |    74 ||   152
       Conjure Flame     |       |     1 ||     1
       Mephitic Cloud    |       |     1 ||     1
  Use: Scroll            |     1 |       ||     1
       Potion            |       |     3 ||     3
 Stab: Sleeping          |       |     2 ||     2
       Confused          |       |     1 ||     1
  Eat: Chunk             |     4 |     4 ||     8
Armor: Robe              |     6 |     6 ||    12
Dodge: Dodged            |    32 |    39 ||    71
